 Dungeon Crawl Stone Soup version 0.30-a0-331-g8ab09dc110 (webtiles) character file.

Game seed: 7923591348686485732

69900 gruber the Devastator (level 14, -18/68 HPs)
             Began as a Deep Elf Conjurer on Oct 29, 2022.
             Was a High Priest of Vehumet.
             Killed from afar by an oklob plant (22 damage)
             ... with a splash of acid
             ... on level 3 of the Lair of Beasts.
             The game lasted 00:39:06 (21106 turns).

gruber the Devastator (Deep Elf Conjurer)          Turns: 21106, Time: 00:39:08

Health: -18/68     AC: 17    Str:  4    XL:     14   Next: 92%
Magic:  32/45      EV: 16    Int: 39    God:    Vehumet [*****.]
Gold:   1221       SH: 14    Dex: 20    Spells: 27/45 levels left

rFire   + . .      SeeInvis .    K - +7 short sword of Hakh {vorpal, Contam rElec Int+4 Dex+7}
rCold   + . .      Faith    .    a - +2 kite shield {rC+ rF+}
rNeg    . . .      Spirit   .    F - +0 troll leather armour
rPois   .          Reflect  .    n - +2 helmet
rElec   +          Harm     .    B - +0 cloak
rCorr   .          Rampage  .    o - +1 pair of gloves
Will    +....                    D - +0 pair of boots
Stlth   ++++......               c - amulet of the acrobat
HPRegen 1.11/turn                i - ring of magical power
MPRegen 0.29/turn                t - +6 ring of intelligence

@: ice-armoured, corroded
A: no striking features
a: Renounce Religion


You were on level 3 of the Lair of Beasts.
You worshipped Vehumet.
Vehumet was extremely pleased with you.
You visited 3 branches of the dungeon, and saw 19 of its levels.
You also visited: Volcano.

You collected 1354 gold pieces.
You spent 133 gold pieces at shops.

Inventory:

Hand Weapons
 k - the +8 trident of Wewiagiu {vamp, Will+ Int+6 Dex-3 SInv}
   (You found it on level 2 of the Lair of Beasts)

   It occasionally heals its wielder for a portion of the damage dealt when it
   wounds a living foe.
   Int:       It affects your intelligence (+6).
   Dex:       It affects your dexterity (-3).
   SInv:      It lets you see invisible.
   Will:      It increases your willpower.
 K - the +7 short sword of Hakh (weapon) {vorpal, Contam rElec Int+4 Dex+7}
   (You found it on level 9 of the Dungeon)

   It inflicts extra damage upon your enemies.
   Int:       It affects your intelligence (+4).
   Dex:       It affects your dexterity (+7).
   rElec:     It insulates you from electricity.
   Contam:    It causes magical contamination when unequipped.
 X - a +2 quick blade of flaming
Missiles
 Z - 3 curare-tipped darts
Armour
 a - a +2 kite shield of resistance (worn)
 n - a +2 helmet (worn)
 o - a +1 pair of gloves (worn)
 B - a +0 cloak (worn)
 D - a +0 pair of boots (worn)
 F - a +0 troll leather armour (worn)
Jewellery
 c - an amulet of the acrobat (around neck)
 i - a ring of magical power (left hand)
 t - a +6 ring of intelligence (right hand)
Wands
 x - a wand of digging (3)
 A - a wand of roots (24)
 J - a wand of polymorph (7)
 L - a wand of flame (13)
 R - a wand of acid (6)
 U - a wand of paralysis (6)
Scrolls
 d - 4 scrolls of immolation {unknown}
 e - 2 scrolls of enchant weapon {unknown}
 f - 9 scrolls of teleportation {unknown}
 g - 2 scrolls of summoning {unknown}
 q - a scroll of silence {unknown}
 r - a scroll of vulnerability {unknown}
 v - 2 scrolls of magic mapping {unknown}
 w - 3 scrolls of enchant armour {unknown}
 y - 3 scrolls of blinking
 z - 2 scrolls of fear {unknown}
 G - 2 scrolls of fog {unknown}
 I - 3 scrolls of amnesia {unknown}
 N - a scroll of torment {unknown}
 O - 3 scrolls of noise {unknown}
Potions
 b - 2 potions of magic
 h - 6 potions of heal wounds
 j - 4 potions of brilliance
 l - 2 potions of invisibility
 m - 7 potions of haste
 p - 3 potions of cancellation
 u - 3 potions of curing
 E - a potion of berserk rage
 H - 4 potions of ambrosia
 P - 2 potions of flight
 V - 3 potions of lignification
 W - 3 potions of might
 Y - a potion of resistance {unknown}
Miscellaneous
 S - a condenser vane
 T - a phial of floods


   Skills:
 - Level 8.6 Armour
 - Level 10.1 Dodging
 * Level 8.0 Stealth
 - Level 9.0 Shields
 - Level 16.0 Spellcasting
 - Level 17.0 Conjurations
 - Level 5.0 Translocations
 - Level 3.2 Ice Magic


You had 27 spell levels left.
You knew the following spells:

 Your Spells              Type           Power      Damage    Failure   Level
a - Magic Dart            Conj           100%       1d8       0%          1
b - Searing Ray           Conj           100%       2d8       0%          2
c - Iskenderun's Mystic   Conj/Tloc      87%        2d17      1%          4
d - Ozocubu's Armour      Ice            54%        N/A       3%          3
e - Frozen Ramparts       Ice            100%       1d16      1%          3
f - Irradiate             Conj/Tmut      39%        3d24      1%          5

Your spell library contained the following spells:

 Spells                   Type           Power      Damage    Failure   Level
 Arcjolt                  Conj/Air       39%        1d49      1%          5
 Scorch                   Fire           62%        2d8       1%          2
 Dazzling Flash           Conj/Hex       100%       N/A       1%          3
 Flame Wave               Conj/Fire      78%        2d17      1%          4
 Fulminant Prism          Conj/Hex       39%        3d17      1%          4
 Beastly Appendage        Tmut           62%        N/A       3%          1
 Necrotise                Necr           100%       1d9       3%          1
 Ensorcelled Hibernation  Hex/Ice        88%        N/A       3%          2
 Sublimation of Blood     Necr           31%        N/A       6%          2
 Wereblood                Tmut           31%        N/A       6%          2
 Call Canine Familiar     Summ           31%        N/A       12%         3
 Spider Form              Tmut/Pois      31%        N/A       12%         3
 Vampiric Draining        Necr           31%        2d8       12%         3
 Anguish                  Hex/Necr       15%        N/A       36%         4
 Petrify                  Tmut/Erth      31%        N/A       36%         4
 Metabolic Englaciation   Hex/Ice        22%        N/A       50%         5
 Agony                    Necr           31%        N/A       71%         5
 Ozocubu's Refrigeration  Ice            27%        4d13      88%         7
 Statue Form              Tmut/Erth      20%        N/A       99%         6
 Summon Cactus Giant      Summ           15%        N/A       99%         6
 Malign Gateway           Summ/Tloc      25%        N/A       100%        7
 Summon Hydra             Summ           15%        N/A       100%        7
 Summon Horrible Things   Summ           15%        N/A       100%        8
 Dragon's Call            Summ           15%        N/A       100%        9


Dungeon Overview and Level Annotations

Branches:
Dungeon (15/15)            Temple (1/1) D:6            Lair (3/5) D:8
 Shoals (0/4) Lair:2       Spider (0/4) Lair:2          Orc (0/2) D:9
 Vaults (0/5) D:13         Depths (0/4) D:15        Volcano (visited)

Altars:
Cheibriados
Dithmenos
Elyvilon
Fedhas
Gozag
Hepliaklqana
Kikubaaqudgha
Makhleb
Okawaru
Qazlal
Ru
Sif Muna
Trog
Uskayaw
Vehumet
Wu Jian
Xom
Yredelemnul
The Shining One

Shops:
D:6 ?   D:13 !

Annotations:
D:8 3 runed translucent doors, Sapher's ghost, novice MeEE
D:9 2 transporters
D:11 2 transporters, Lairat's ghost, journeyman TrGl
D:13 1 runed translucent door
Lair:3 exclusion: 4 oklob plants


Message History

The splash of acid hits you! The oklob plant spits acid at you.
The splash of acid hits you!
Your Stealth skill increases to level 8!
Casting: Iskenderun's Mystic Blast (safe; 1% risk of failure)
Confirm with . or Enter, or press ? or * to list all spells.
You erupt in a blast of force!
The mystic blast hits the wolf!
The wolf is severely wounded.
The wolf is knocked back by the mystic blast.
The wolf collides with the oklob plant!
The oklob plant is moderately damaged.
The wolf is almost dead.
The mystic blast hits the wolf!!
You kill the wolf!
Vehumet accepts your kill.
You feel your power returning.
The mystic blast hits the yak!
The yak is moderately wounded.
The yak is knocked back by the mystic blast.
The yak collides with the yak!
The yak is heavily wounded. x2
The mystic blast hits the wolf!
The wolf is severely wounded.
The wolf is knocked back by the mystic blast.
The wolf collides with the yak!
The yak is moderately wounded.
The wolf is almost dead.
The oklob plant spits acid at you. The splash of acid hits you!
The acid corrodes you! The oklob plant spits acid at you.
The splash of acid hits you!
* * * LOW HITPOINT WARNING * * *
Unknown command.
Your icy armour will break if you move.
Continue?
The oklob plant spits acid at you. The splash of acid hits you!
* * * LOW HITPOINT WARNING * * *
The acid corrodes you! The oklob plant spits acid at you.
The splash of acid hits you!!
You die...

.............?#
.......P.......
.........../...
...............
.....Y.........
...Y†..........
...YhYh<.......
..P.hh>@>...P..
#....Y!<.......
#....Y.........
...............
#..............
#.............#
#......P......#
...............


You could see 4 oklob plants, 6 yaks and 4 wolves.

Vanquished Creatures
  Kirke (D:15)
  Azrael (D:14)
  Snorg (D:14)
  4 rakshasas (D:15)
  3 hydras (D:14)
  7 boulder beetles
  2 catoblepae (Lair:2)
  7 centaur warriors
  A death knight (D:13)
  Erica (D:8)
  2 dancing weapons (D:13)
  6 two-headed ogres
  A death yak (Lair:2)
  4 tengu warriors (D:13)
  A hell knight (Volcano)
  7 skeletal warriors
  A salamander mystic (Volcano)
  A goliath frog (shapeshifter) (D:15)
  A glowing orange brain (D:15)
  An obsidian statue (Volcano)
  An orc knight (D:11)
  Pikel (D:6)
  A wolf spider (D:15)
  4 manticores
  4 ugly things
  5 deep elf pyromancers
  3 salamanders (Volcano)
  5 cyclopes
  Joseph (D:8)
  A guardian serpent (shapeshifter) (D:15)
  A black mamba (shapeshifter) (D:13)
  5 black mambas
  4 cane toads
  A rime drake (Lair:2)
  Psyche (D:12)
  3 gargoyles
  A komodo dragon (Lair:2)
  A freezing wraith (D:14)
  3 tengu conjurers
  A burning bush (Lair:1)
  A yaktaur (shapeshifter) (D:13)
  6 trolls
  2 polar bears (Lair:2)
  7 blink frogs
  A dream sheep (Lair:2)
  8 slime creatures
  Grinder (D:4)
  2 wraiths
  A wyvern (D:11)
  4 vampires
  4 hogs (D:15)
  A shadow (D:13)
  3 culicivoras (Lair:2)
  2 fire elementals (D:14)
  19 yaks
  7 fire bats (Volcano)
  6 basilisks
  A steam dragon (D:8)
  10 vampire mosquitoes
  A redback simulacrum (D:15)
  Edmund (D:4)
  11 water moccasins
  2 acid dragons (shapeshifter)
  2 acid dragons
  8 hell hounds
  8 orc warriors
  6 black bears (D:8)
  4 ogres
  14 wolves
  9 centaurs
  A lemure (D:6)
  3 kobold brigands
  A gnoll sergeant (D:9)
  2 scorpions (D:6)
  A necrophage (D:6)
  11 bullfrogs
  3 wights (D:8)
  A hornet simulacrum (D:15)
  10 killer bees
  An electric eel (Lair:2)
  5 lava snakes (Volcano)
  3 jellies
  4 orc priests
  Crazy Yiuf (D:6)
  A gnoll bouda (D:5)
  2 hounds (D:6)
  7 iguanas
  10 orc wizards
  6 hell rats (Lair:2)
  A boggart simulacrum (D:14)
  12 gnolls
  9 adders
  3 white imps
  2 ufetubi (D:7)
  2 worms (D:3)
  2 dart slugs
  45 orcs
  2 bats
  7 endoplasms
  2 giant cockroaches
  8 goblins
  8 hobgoblins
  6 jackals (D:1)
  20 kobolds
  4 quokkas
  11 ball pythons
  A frilled lizard (D:1)
  5 rats
475 creatures vanquished.

Vanquished Creatures (others)
  An ogre mage (D:13)
  2 centaur warriors (D:14)
  A wizard (D:14)
  A deep elf pyromancer (D:14)
  A human (D:15)
  A bush (Lair:2)
  48 fungi
  68 plants
  3 withered plants (D:9)
126 creatures vanquished.

Grand Total: 601 creatures vanquished

Notes
Turn   | Place    | Note
-------+----------+-------------------------------------------
     0 | D:1      | gruber the Deep Elf Conjurer began the quest for the Orb.
     0 | D:1      | Reached XP level 1. HP: 10/10 MP: 6/6
   138 | D:1      | Reached XP level 2. HP: 8/15 MP: 2/8
   185 | D:1      | Reached skill level 5 in Conjurations
   648 | D:1      | Reached XP level 3. HP: 19/19 MP: 6/9
   651 | D:1      | Learned a level 2 spell: Searing Ray
  1315 | D:2      | Found a glowing golden altar of the Shining One.
  1339 | D:2      | Reached XP level 4. HP: 24/24 MP: 11/11
  1619 | D:3      | Found a shimmering altar of Xom.
  1634 | D:3      | Reached skill level 6 in Conjurations
  1798 | D:3      | Learned a level 4 spell: Iskenderun's Mystic Blast
  2134 | D:3      | Reached XP level 5. HP: 28/28 MP: 13/13
  2609 | D:4      | Reached skill level 5 in Spellcasting
  3005 | D:4      | Noticed Grinder
  3013 | D:4      | Killed Grinder
  3014 | D:4      | Reached skill level 7 in Conjurations
  3014 | D:4      | Reached XP level 6. HP: 32/32 MP: 17/17
  3099 | D:4      | Noticed Edmund
  3111 | D:4      | Killed Edmund
  3112 | D:4      | Reached XP level 7. HP: 24/36 MP: 5/19
  3297 | D:4      | Found a blossoming altar of Fedhas.
  3423 | D:5      | Entered Level 5 of the Dungeon
  3423 | D:5      | Found an iron altar of Okawaru.
  3499 | D:5      | Reached skill level 8 in Conjurations
  3862 | D:5      | Reached skill level 9 in Conjurations
  4034 | D:5      | Reached XP level 8. HP: 41/41 MP: 18/20
  4096 | D:5      | Reached skill level 10 in Conjurations
  4545 | D:6      | Found Gos Ujob's Magic Scroll Shop.
  4646 | D:6      | Bought a scroll of identify for 28 gold pieces
  4646 | D:6      | Bought a scroll of blinking for 105 gold pieces
  4777 | D:6      | Reached skill level 11 in Conjurations
  4830 | D:6      | Noticed Pikel
  4844 | D:6      | Killed Pikel
  4845 | D:6      | Reached skill level 5 in Translocations
  4989 | D:6      | Reached XP level 9. HP: 45/45 MP: 22/22
  5053 | D:6      | Found a runed translucent door.
  5054 | D:6      | Noticed Crazy Yiuf
  5061 | D:6      | Killed Crazy Yiuf
  5458 | D:6      | Found a staircase to the Ecumenical Temple.
  5460 | D:6      | Found a faded altar of an unknown god.
  5509 | Temple   | Entered the Ecumenical Temple
  5590 | Temple   | Became a worshipper of Vehumet
  6071 | D:7      | Reached skill level 10 in Spellcasting
  6071 | D:7      | Found a glowing golden altar of the Shining One.
  6370 | D:8      | Reached * piety under Vehumet
  6370 | D:8      | Offered knowledge of Kiss of Death by Vehumet.
  6568 | D:8      | Reached skill level 5 in Dodging
  6809 | D:8      | Reached XP level 10. HP: 50/50 MP: 22/27
  6874 | D:8      | Found a shadowy altar of Dithmenos.
  6997 | D:8      | Found a staircase to the Lair.
  7012 | D:8      | Noticed Sapher's ghost (novice MeEE)
  7012 | D:8      | Noticed a cyclops
  7017 | D:8      | Found a runed translucent gate.
  7017 | D:8      | Found a runed translucent gate.
  7017 | D:8      | Found a runed translucent gate.
  7020 | D:8      | Noticed Erica
  7030 | D:8      | Killed Erica
  7170 | D:8      | Offered knowledge of Scorch by Vehumet.
  7234 | D:8      | Noticed Joseph
  7246 | D:8      | Killed Joseph
  7246 | D:8      | Reached ** piety under Vehumet
  7420 | D:8      | Reached skill level 10 in Dodging
  8031 | D:9      | Found a staircase to the Orcish Mines.
  8080 | D:9      | Found a transporter.
  8084 | D:9      | Found a transporter.
  8238 | D:9      | Noticed a two-headed ogre
  8250 | D:9      | Killed a two-headed ogre
  8325 | D:9      | Reached skill level 12 in Conjurations
  8330 | D:9      | Noticed a two-headed ogre
  8336 | D:9      | Killed a two-headed ogre
  8445 | D:9      | Identified the +7 short sword of Hakh {vorpal, Contam rElec
                  | Int+4 Dex+7}
  8464 | D:9      | Reached skill level 13 in Conjurations
  8551 | D:9      | Found a sacrificial altar of Ru.
  8556 | D:9      | Offered knowledge of Momentum Strike by Vehumet.
  8682 | D:9      | Found an ornate altar of the Wu Jian Council.
  8684 | D:9      | Found a snail-covered altar of Cheibriados.
  8740 | D:9      | Found a hide-covered altar of Uskayaw.
  8747 | D:9      | Reached XP level 11. HP: 53/54 MP: 28/28
  8840 | D:9      | Reached *** piety under Vehumet
  8907 | D:9      | Found a basalt altar of Yredelemnul.
  9004 | D:9      | Learned a level 3 spell: Ozocubu's Armour
  9075 | D:10     | Entered Level 10 of the Dungeon
  9129 | D:10     | Reached skill level 1 in Ice Magic
  9254 | D:10     | Noticed a two-headed ogre
  9261 | D:10     | Killed a two-headed ogre
  9313 | D:10     | Noticed a centaur warrior
  9330 | D:10     | Killed a centaur warrior
  9423 | D:10     | Found a burning altar of Makhleb.
  9884 | D:10     | Found a shimmering blue altar of Sif Muna.
 10142 | D:11     | Reached skill level 5 in Armour
 10246 | D:11     | Found a transporter.
 10259 | D:11     | Found a transporter.
 10450 | D:11     | Noticed a skeletal warrior
 10460 | D:11     | Noticed a thrashing horror
 10485 | D:11     | Offered knowledge of Frozen Ramparts by Vehumet.
 10490 | D:11     | Learned a level 3 spell: Frozen Ramparts
 10543 | D:11     | Noticed a two-headed ogre
 10545 | D:11     | Noticed a two-headed ogre
 10549 | D:11     | Killed a two-headed ogre
 10551 | D:11     | Killed a two-headed ogre
 10557 | D:11     | Noticed an orc knight
 10570 | D:11     | Killed an orc knight
 10769 | D:11     | Noticed Lairat's ghost (journeyman TrGl)
 10919 | D:11     | Identified the +9 sling of Famine {flame, rElec rPois Str+6
                  | Dex-2}
 11089 | D:12     | Reached XP level 12. HP: 51/59 MP: 29/29
 11151 | D:12     | Noticed a boulder beetle
 11158 | D:12     | Noticed Psyche
 11189 | D:12     | Noticed a two-headed ogre
 11219 | D:11     | Killed a boulder beetle
 11367 | D:12     | Killed a two-headed ogre
 11453 | D:12     | Killed Psyche
 11939 | D:13     | Noticed a tengu warrior
 11948 | D:13     | Killed a tengu warrior
 11949 | D:13     | Reached skill level 14 in Conjurations
 12040 | D:13     | Noticed a tengu warrior
 12047 | D:13     | Killed a tengu warrior
 12048 | D:13     | Reached skill level 1 in Shields
 12153 | D:13     | Reached **** piety under Vehumet
 12180 | D:13     | Noticed a boulder beetle
 12193 | D:13     | Noticed a centaur warrior
 12200 | D:13     | Killed a centaur warrior
 12200 | D:13     | Noticed a boulder beetle
 12281 | D:13     | Killed a boulder beetle
 12662 | D:13     | Found Onauntah's Distillery.
 12675 | D:13     | Noticed a centaur warrior
 12692 | D:13     | Killed a centaur warrior
 12920 | D:13     | Reached skill level 5 in Shields
 12985 | D:13     | Noticed a tengu warrior
 13011 | D:13     | Killed a tengu warrior
 13011 | D:13     | Offered knowledge of Irradiate by Vehumet.
 13205 | D:13     | Found a gate to the Vaults.
 13440 | D:13     | Noticed a centaur warrior
 13444 | D:13     | Killed a centaur warrior
 13585 | D:13     | Noticed a death knight
 13585 | D:13     | Noticed an ogre mage
 13585 | D:13     | Noticed a boulder beetle
 13585 | D:13     | Noticed a tengu warrior
 13640 | D:13     | Learned a level 5 spell: Irradiate
 13644 | D:13     | Killed a death knight
 13687 | D:13     | Reached XP level 13. HP: 42/63 MP: 30/30
 13737 | D:13     | Found a runed translucent door.
 13757 | D:13     | Paralysed by an ogre mage for 3 turns
 14364 | D:14     | Found a stormy altar of Qazlal.
 14521 | D:14     | Noticed Azrael
 14579 | D:14     | Killed Azrael
 14835 | D:14     | Noticed Snorg
 14847 | D:14     | Killed Snorg
 15787 | D:14     | Found a shimmering altar of Xom.
 15816 | D:14     | Reached skill level 15 in Conjurations
 15939 | D:15     | Entered Level 15 of the Dungeon
 16131 | D:15     | Reached ***** piety under Vehumet
 16352 | D:15     | Offered knowledge of Flame Wave by Vehumet.
 16365 | D:15     | Noticed Kirke
 16376 | D:15     | Killed Kirke
 16583 | D:14     | Reached XP level 14. HP: 68/68 MP: 26/33
 17105 | D:15     | Identified the +10 longbow "Imp's Regret" {flame, rElec
                  | rPois Will- rCorr}
 17235 | D:15     | Found a staircase to the Depths.
 17274 | D:15     | Reached skill level 15 in Spellcasting
 17446 | D:15     | Reached skill level 16 in Conjurations
 17672 | Lair:1   | Entered Level 1 of the Lair of Beasts
 18085 | Lair:1   | Found a dark tunnel.
 18094 | Volcano  | Entered a volcano
 18476 | Volcano  | Found a burning altar of Makhleb.
 18618 | Volcano  | Got Rash's Discourse on Apparitions
 18753 | Lair:1   | Found a bloodstained altar of Trog.
 19697 | Lair:2   | Found a hole to the Spider Nest.
 19841 | Lair:2   | Reached skill level 17 in Conjurations
 19998 | Lair:2   | Reached skill level 5 in Stealth
 20206 | Lair:2   | Identified the +8 trident of Wewiagiu {vamp, Will+ Int+6
                  | Dex-3 SInv}
 20326 | Lair:2   | Offered knowledge of Arcjolt by Vehumet.
 20548 | Lair:2   | Found a staircase to the Shoals.
 21106 | Lair:3   | Killed from afar by an oklob plant

Illustrated notes

Levels and vault maps discovered:
D:1:      ebering_hopf_link, layout_loops_ring, kennysheep_pointless_box,
          minmay_misc_feat_square, minmay_hexomino_u4
D:2:      layout_basic, basic_altar, kennysheep_decorative_pillar
D:3:      layout_loops_ring, mainiacjoe_overflow_tiny_flanked
D:4:      layout_gridville, fedhas_altar_fruit_tree, uniq_edmund, uniq_grinder
D:5:      layout_cave_pools, okawaru_metal_pillars_1_2
D:6:      minmay_general_purpose_star, layout_cave_pools,
          nicolae_temple_entry_ecumenical, serial_shops, shop, uniq_pikel,
          uniq_crazy_yiuf_cottage
D:7:      layout_rooms, lemuel_coloured_pillars_altar, dk_noncrumbling_2,
          chequers_serial_rivers_micro_b
D:8:      layout_loops_ring, mainiacjoe_overflow_alcove_4,
          due_lair_maze_entry_diamond, gammafunk_ghost_split,
          minmay_misc_feat_more_columns, uniq_erica, uniq_joseph
D:9:      gammafunk_steamed_eel, layout_loops_ring, yredelemnul_altar_generic,
          mainiacjoe_overflow_24_doors, nicolae_overflow_hidden_temple
D:10:     layout_roguey, mainiacjoe_overflow_catwalk, bloody_makhleb
D:11:     layout_loops_cross, gammafunk_ghost_abyssal_escape
D:12:     layout_rooms, fungi_pond_lemuel, uniq_psyche
D:13:     minmay_the_grid_triangle_9x9_rhombus_thin
          [minmay_the_grid_triangle_9x9_negative_grid,
          minmay_the_grid_triangle_9x9_prize_top_heavy,
          minmay_the_grid_triangle_9x9_subtriangle,
          minmay_the_grid_triangle_9x9_shrine], layout_layer_cave,
          erik_vaults_1, serial_shops, nicolae_diamond_shop
D:14:     layout_loops_ring, nicolae_qazlal_scattered_showers,
          xom_confusion_cloud, uniq_azrael, uniq_snorg
D:15:     gammafunk_enter_depths_forms, layout_rooms, nrook_campfire, uniq_kirke
Temple:   nicolae_temple_superstar
Lair:1:   layout_chaotic_city, basic_altar, enter_volcano_3, evilmike_ambush
          [evilmike_ambush_outer_basic, evilmike_ambush_inner_pond],
          grunt_megastairs_4
Lair:2:   nzn_winding_woodlands_large [nzn_winding_woodlands_5x5_open_star,
          nzn_winding_woodlands_5x15_river_crossing,
          nzn_winding_woodlands_5x5_perimeter,
          nzn_winding_woodlands_center_garden,
          nzn_winding_woodlands_15x15_eel_pit,
          nzn_winding_woodlands_center_triple_pond,
          nzn_winding_woodlands_5x5_closed_star,
          nzn_winding_woodlands_5x15_zeroes, nzn_winding_woodlands_hourglass],
          layout_chaotic_city, elwin_shoals_entry_rooms,
          hellmonk_spider_entry_life_and_decay
Lair:3:   dpeg_oklob_shooting_range, layout_hall_layers, uniq_nessos, uniq_sonja

Skill      XL: |  1  2  3  4  5  6  7  8  9 10 11 12 13 14 |
---------------+-------------------------------------------+-----
Conjurations   | 5 6 7 9 11 13 14 15 17 | 17.0
Spellcasting   | 4 6 7 11 13 16 | 16.0
Translocations | 5 |  5.0
Dodging        | 7 10 | 10.1
Ice Magic      | 3 |  3.2
Armour         | 7 8 |  8.6
Shields        | 7 9 |  9.0
Stealth        | 8 |  8.0

Action                   |  1- 3 |  4- 6 |  7- 9 | 10-12 | 13-15 || total
-------------------------+-------+-------+-------+-------+-------++-------
Melee: Dagger            |    20 |       |     8 |     3 |       ||    31
       Unarmed           |     4 |       |       |       |       ||     4
       Punch             |     1 |       |       |     1 |       ||     2
       Short sword       |       |       |       |    49 |   106 ||   155
       Scimitar          |       |       |       |     3 |       ||     3
 Cast: Magic Dart        |    66 |    82 |   144 |    79 |   108 ||   479
       Searing Ray       |       |     9 |    45 |    66 |    65 ||   185
       Iskenderun's Myst |       |     3 |    18 |   122 |   164 ||   307
       Ozocubu's Armour  |       |       |       |     7 |    16 ||    23
       Frozen Ramparts   |       |       |       |     9 |    25 ||    34
       Irradiate         |       |       |       |     2 |    36 ||    38
Evoke: Wand              |       |       |       |    11 |       ||    11
  Use: Scroll            |       |       |     8 |     3 |     5 ||    16
 Stab: Sleeping          |       |       |       |     1 |     6 ||     7
       Distracted        |       |       |       |       |     1 ||     1
Armor: Robe              |     6 |     3 |    13 |     8 |       ||    30
       Troll leather arm |       |       |       |    35 |    56 ||    91
Dodge: Dodged            |    27 |    13 |    46 |   230 |   172 ||   488
Block: Kite shield       |       |       |       |       |   183 ||   183

Table legend: (Time is in decaauts)
 A = Elapsed time spent in this place.
 B = Non-inter-level travel time spent in this place.
 C = Inter-level travel time spent in this place.
 D = Time resting spent in this place.
 E = Time spent auto-exploring this place.
 F = Levels seen in this place.
 G = Mean time per level.
                   A        B        C        D        E       F      G
               +--------+--------+--------+--------+--------+-----+--------+
         Total |  21189 |  20562 |    627 |    660 |  16363 |  20 | 1059.4 |
       Dungeon |  17634 |  17052 |    582 |    524 |  13887 |  15 | 1175.6 |
        Temple |     90 |     81 |      9 |      0 |     61 |   1 |   90.0 |
          Lair |   2886 |   2851 |     35 |     50 |   2119 |   3 |  962.0 |
       Volcano |    578 |    578 |      0 |     86 |    296 |   1 |  578.0 |
               +--------+--------+--------+--------+--------+-----+--------+

Top non-repeatable levels by time:
    D:13: 2642 daAuts
  Lair:2: 1727 daAuts
    D:14: 1712 daAuts
     D:8: 1477 daAuts
    D:15: 1336 daAuts
    D:11: 1201 daAuts
     D:9: 1178 daAuts
     D:6: 1160 daAuts
  Lair:1: 1154 daAuts
     D:1: 1093 daAuts
    D:10: 972 daAuts
     D:5: 958 daAuts
     D:4: 949 daAuts
     D:3: 896 daAuts
     D:7: 837 daAuts
